 Dungeon Crawl Stone Soup version 0.31.0-11-ge490571c62 (webtiles) character file.

Game seed: 7760561084698790419

12949 qw the Markself (level 11, -3/63 HPs)
             Began as a Deep Elf Hunter on Feb 3, 2024.
             Was a High Priest of Okawaru.
             Slain by an elephant (12 damage)
             ... on level 3 of the Lair of Beasts.
             The game lasted 00:01:01 (9703 turns).

qw the Markself (Deep Elf Hunter)                   Turns: 9703, Time: 00:01:02

Health: -3/63      AC:  8    Str: 12    XL:     11   Next: 69%
Magic:  23/28      EV: 17    Int: 15    God:    Okawaru [*****.]
Gold:   387        SH:  0    Dex: 20    Spells: 10/10 levels left

rFire   . . .        a - +8 storm bow {elec, penet}
rCold   . . .        (shield currently unavailable)
rNeg    . . .        i - +1 troll leather armour
rPois   +            n - +1 helmet
rElec   .            (no cloak)
rCorr   +            u - +0 pair of gloves
SInv    .            k - +0 pair of boots
Will    ++...        q - amulet of regeneration
Stlth   ++           l - ring "Zisont" {+Blink Will+ rCorr MP+9 Dex+2}
HPRegen 1.90/turn    g - ring of poison resistance
MPRegen 0.21/turn

%: no passive effects
@: lethally poisoned (-3 -> -4), about to teleport, finesse-ful
A: no striking features
a: Renounce Religion, Evoke Blink, Heroism, Finesse, Duel


You were on level 3 of the Lair of Beasts.
You worshipped Okawaru.
Okawaru was extremely pleased with you.
You visited 3 branches of the dungeon, and saw 12 of its levels.
You also visited: Sewer.

You collected 1118 gold pieces.
You spent 731 gold pieces at shops.


   Skills:
 - Level 5.0 Fighting
 - Level 19.0 Ranged Weapons
 - Level 2.0 Armour
 + Level 8.6 Dodging
 - Level 1.2 Stealth
 + Level 8.3 Invocations


You had 10 spell levels left.
You didn't know any spells.
Your spell library was empty.

Inventory:

Hand Weapons
 a - the +8 storm bow (weapon) {elec, penet}
   (You acquired it on level 3 of the Dungeon)
Armour
 i - a +1 troll leather armour (worn)
 k - a +0 pair of boots (worn)
 n - a +1 helmet (worn)
 u - a +0 pair of gloves (worn)
Jewellery
 g - a ring of poison resistance (right hand)
 l - the ring "Zisont" (left hand) {+Blink Will+ rCorr MP+9 Dex+2}
   (You found it on level 5 of the Dungeon)

   [ring of magical power]

   Dex+2:     It affects your dexterity (+2).
   Will+:     It increases your willpower.
   MP+9:      It affects your magic capacity (+9).
   +Blink:    It lets you blink.
   rCorr:     It protects you from acid and corrosion.
 p - a ring of protection from fire
 q - an amulet of regeneration (around neck)
 r - a ring of protection from cold
 Y - a +4 ring of protection
Wands
 e - a wand of charming (8)
 h - a wand of mindburst (8)
 s - a wand of acid (10)
 v - a wand of polymorph (2)
 w - a wand of iceblast (9)
Scrolls
 t - 2 scrolls of enchant weapon
 y - a scroll of identify
Potions
 b - a potion of haste
 c - a potion of magic
 d - 6 potions of mutation
 f - 6 potions of curing
 j - a potion of might
 m - a potion of enlightenment
 o - 5 potions of heal wounds

Dungeon Overview and Level Annotations

Branches:
Dungeon (8/15)             Temple (1/1) D:5            Lair (3/5) D:8
  Sewer (visited)
  Swamp: Lair:2-3    Shoals: Lair:2-3     Snake: Lair:2-3    Spider: Lair:2-3

Altars:
Ashenzari
Cheibriados
Dithmenos
Elyvilon
Fedhas
Hepliaklqana
Kikubaaqudgha
Makhleb
Okawaru
Qazlal
Sif Muna
Trog
Uskayaw
Vehumet
Wu Jian
Xom
Yredelemnul
Zin
The Shining One

Shops:
D:2 ==((   D:5 *:=*(

Annotations:
D:4 1 runed translucent door, Crazy Yiuf


Message History

The arrow pierces through the wolf!
The wolf is heavily wounded.
You feel very sick.
You hear a bellow!
The wolf bites you.
A yak comes into view.
The water moccasin bites you.
Enter note:
Enter note:
Enter note:
9700 ||| RETREEEEATING.
You feel sick. The wolf completely misses you. The wolf barely misses you.
The wolf misses you.
A cane toad comes into view.
The elephant barely misses you. The elephant trunk-slaps you.
9701 ||| INVOKING Finesse.
You can now deal lightning-fast blows.
You feel sick. The wolf barely misses you. The wolf closely misses you.
The water moccasin barely misses you. The wolf misses you. x2
A dream sheep comes into view.
A yak comes into view.
Enter note:
Enter note:
Enter note:
9702 ||| RETREEEEATING.
You feel sick. The water moccasin barely misses you.
A dream sheep comes into view.
The dream sheep shake their wool and sparkle.
You feel drowsy...
You fall asleep.
The elephant tramples you!!!
You wake up.
Ouch! That really hurt!
You hold your ground!
The elephant barely misses you. x2
The elephant trunk-slaps you but does no damage.
The dream sheep bleats!
You hear a bellow! x2; You hear a roar!
9703 ||| READING scroll of teleportation.
As you read the scroll of teleportation, it crumbles to dust.
You feel strangely unstable.
You feel sick.
The water moccasin completely misses you.
A dream sheep comes into view.
The elephant tramples you!
You die...

# ...# #...P
###..##..# #...#
#.#. #.## #...##
######.###
#....#######....#
#......##P#...###
##.............#
#..Y.YY.%[.....#
#.######Y#...P.#
..##.8h#@Y....#.#
......FhSY.....#.#
8...YY.hY8#.....#.#
........Y.#F....#..
#..##Y8.#..#.##...
.. #.###F.......# #
.Y ......... #..
......$ #. .##


You could see 4 elephants, 2 yaks, 2 cane toads, a water moccasin, 2 wolves and
3 dream sheep.

Vanquished Creatures
  A two-headed ogre (D:8)
  2 black mambas
  4 cane toads
  3 rime drakes
  3 komodo dragons
  14 blink frogs
  10 yaks (Lair:2)
  3 wyverns
  A basilisk (Lair:2)
  Duvessa (D:6)
  5 water moccasins
  2 orc warriors
  3 ice beasts
  2 sky beasts (D:7)
  A black bear (D:8)
  An ogre (D:6)
  4 wolves (Lair:3)
  3 centaurs
  13 bullfrogs
  A gnoll sergeant (D:6)
  3 scorpions (D:5)
  8 wights
  Dowan (D:6)
  An electric eel (Lair:3)
  A hound (D:5)
  2 jellies
  2 orc priests
  A gnoll bouda (D:7)
  3 iguanas
  6 orc wizards
  15 adders
  9 gnolls
  A white imp (D:5)
  2 ufetubi (D:6)
  14 dart slugs
  2 ribbon worms (D:2)
  35 orcs
  5 endoplasms
  18 giant cockroaches
  6 goblins
  5 hobgoblins
  7 jackals
  11 quokkas
  5 ball pythons
  6 bats
  10 frilled lizards
  6 kobolds
  8 rats
270 creatures vanquished.

Notes
Turn   | Place    | Note
-------+----------+-------------------------------------------
     0 | D:1      | qw the Deep Elf Hunter began the quest for the Orb.
     0 | D:1      | Reached XP level 1. HP: 12/12 MP: 3/3
     0 | D:1      | 0 ||| qw: Version: 0.3-a-158-g18b3111
     0 | D:1      | 0 ||| qw: Game counter: 4279
     0 | D:1      | 0 ||| qw: Melee chars always use a shield: true
     0 | D:1      | 0 ||| qw: God list: Okawaru
     0 | D:1      | 0 ||| qw: Allow faded altars: false
     0 | D:1      | 0 ||| qw: Do Orc after clearing Dungeon:15 true
     0 | D:1      | 0 ||| qw: Do second Lair branch before Depths: true
     0 | D:1      | 0 ||| qw: Lair rune preference: random
     0 | D:1      | 0 ||| qw: Goals: Normal
     0 | D:1      | 0 ||| PLANNING D:1-11
   139 | D:1      | Reached skill level 6 in Ranged Weapons
   139 | D:1      | Reached XP level 2. HP: 16/16 MP: 4/4
   333 | D:1      | Reached XP level 3. HP: 19/20 MP: 5/5
   551 | D:1      | 551 ||| UPGRADING to +4 ring of protection.
   552 | D:1      | 552 ||| READING 2 scrolls labelled OMMI VESTA XAH.
   552 | D:1      | 552 ||| IDENTIFYING pink potion
   553 | D:1      | 553 ||| READING scroll of identify.
   553 | D:1      | 553 ||| IDENTIFYING 2 smoky white potions
   554 | D:1      | 554 ||| READING scroll labelled NENUAH RIGULOUD.
   558 | D:1      | 558 ||| DROPPING scroll of butterflies.
   559 | D:1      | 559 ||| DROPPING potion of berserk rage.
   726 | D:2      | Found Hocsij's Weapon Shoppe.
   859 | D:2      | Reached skill level 7 in Ranged Weapons
  1092 | D:2      | 1092 ||| SWAPPING to +0 longbow.
  1093 | D:2      | 1093 ||| DROPPING +0 shortbow.
  1128 | D:2      | Found a glowing golden altar of the Shining One.
  1312 | D:2      | Found Eziotosa's Jewellery Shop.
  1316 | D:2      | 1316 ||| SHOPLISTING +6 ring of dexterity (396 gold, have
                  | 102).
  1316 | D:2      | 1316 ||| SHOPLISTING ring of fire (275 gold, have 102).
  1316 | D:2      | 1316 ||| SHOPLISTING ring of positive energy (220 gold,
                  | have 102).
  1316 | D:2      | 1316 ||| SHOPLISTING ring of protection from fire (275
                  | gold, have 102).
  1316 | D:2      | 1316 ||| SHOPLISTING ring of willpower (275 gold, have
                  | 102).
  1348 | D:2      | Reached XP level 4. HP: 25/25 MP: 6/6
  1390 | D:2      | Found Jitek's Weapon Boutique.
  1560 | D:2      | Found Buyjil's Jewellery Shop.
  1572 | D:2      | 1572 ||| SHOPLISTING +6 ring of strength (504 gold, have
                  | 102).
  1572 | D:2      | 1572 ||| SHOPLISTING amulet of guardian spirit (420 gold,
                  | have 102).
  1572 | D:2      | 1572 ||| SHOPLISTING amulet of the acrobat (420 gold, have
                  | 102).
  1572 | D:2      | 1572 ||| SHOPLISTING ring "Porghialo" {rF+ Str+3 Dex+6}
                  | (788 gold, have 102).
  1572 | D:2      | 1572 ||| SHOPLISTING ring of Brilliance {rCorr Slay+2 SInv}
                  | (554 gold, have 102).
  1572 | D:2      | 1572 ||| SHOPLISTING ring of fire (350 gold, have 102).
  1572 | D:2      | 1572 ||| SHOPLISTING ring of positive energy (280 gold,
                  | have 102).
  1707 | D:2      | 1707 ||| UPGRADING to +0 ring mail.
  1717 | D:2      | 1717 ||| DROPPING +0 leather armour.
  1718 | D:2      | 1718 ||| READING 2 scrolls of identify.
  1718 | D:2      | 1718 ||| IDENTIFYING fizzy grey potion
  1719 | D:2      | 1719 ||| READING scroll of identify.
  1719 | D:2      | 1719 ||| IDENTIFYING 2 lumpy brown potions
  1720 | D:2      | 1720 ||| READING scroll labelled ALITYF AXTEMILOCS.
  1721 | D:2      | 1721 ||| READING scroll labelled ENKUREOFAULA.
  1722 | D:2      | 1722 ||| READING scroll labelled ISEMAVVANER.
  1723 | D:2      | 1723 ||| READING scroll labelled GEGESUNEKK.
  1723 | D:2      | 1723 ||| BRANDING +0 longbow.
  1725 | D:2      | 1725 ||| Stepping ~*~*~tactically~*~*~ (cloud).
  2161 | D:3      | Found a stormy altar of Qazlal.
  2470 | D:3      | 2470 ||| UPGRADING to ring of protection from cold.
  2471 | D:3      | 2471 ||| READING scroll labelled ZYWUGI IMMUNT.
  2471 | D:3      | Identified a scroll of acquirement
  2471 | D:3      | 2471 ||| ACQUIRING +8 storm bow {elec, penet}
  2471 | D:3      | Acquired the +8 storm bow {elec, penet}
  2471 | D:3      | Found the +8 storm bow {elec, penet}
  2473 | D:3      | 2473 ||| SWAPPING to +8 storm bow {elec, penet}.
  2474 | D:3      | 2474 ||| DROPPING +0 heavy longbow.
  2475 | D:3      | 2475 ||| READING scroll labelled EWEGGI CUGRICU.
  2476 | D:3      | 2476 ||| READING scroll labelled FEUSOH USUTSA.
  2613 | D:4      | Reached skill level 8 in Ranged Weapons
  2666 | D:4      | Found a runed translucent door.
  2667 | D:4      | Noticed Crazy Yiuf
  2701 | D:4      | You fall into a shaft and drop 3 floors!
  2718 | D:7      | Noticed a centaur
  2719 | D:7      | 2719 ||| DRINKING potion of haste.
  2720 | D:7      | Killed a centaur
  2721 | D:7      | Reached XP level 5. HP: 29/29 MP: 7/7
  2775 | D:6      | 2775 ||| PLANNING SEWER
  2776 | D:6      | Reached skill level 9 in Ranged Weapons
  2823 | D:6      | Reached XP level 6. HP: 36/36 MP: 8/8
  2864 | D:6      | Noticed an ice beast
  2868 | D:6      | Killed an ice beast
  2869 | D:6      | Reached skill level 10 in Ranged Weapons
  2876 | D:6      | Reached skill level 3 in Dodging
  2877 | D:6      | Reached XP level 7. HP: 40/40 MP: 9/9
  2878 | D:6      | Noticed Duvessa
  2883 | D:6      | Killed Duvessa
  2944 | D:6      | Found a bloodstained altar of Trog.
  2947 | D:6      | Noticed Dowan
  2956 | D:6      | Killed Dowan
  2970 | D:6      | Found a shimmering blue altar of Sif Muna.
  3003 | D:6      | Reached skill level 11 in Ranged Weapons
  3067 | D:6      | Reached skill level 12 in Ranged Weapons
  3165 | D:6      | Reached skill level 1 in Armour
  3165 | D:6      | Reached XP level 8. HP: 45/45 MP: 10/10
  3320 | D:6      | Found a glowing drain.
  3321 | D:6      | 3321 ||| UPGRADING to +0 pair of boots.
  3326 | D:6      | 3326 ||| READING scroll of identify.
  3326 | D:6      | 3326 ||| IDENTIFYING lumpy sapphire potion
  3327 | D:6      | 3327 ||| DROPPING potion of attraction.
  3331 | Sewer    | Entered a sewer
  3411 | Sewer    | Reached skill level 3 in Fighting
  3747 | Sewer    | 3747 ||| UPGRADING to +1 troll leather armour.
  3757 | Sewer    | 3757 ||| DROPPING +0 ring mail.
  3758 | Sewer    | 3758 ||| READING scroll labelled RADEAZ LIAF.
  3778 | D:6      | 3778 ||| PLANNING D:1-11
  3793 | D:5      | Entered Level 5 of the Dungeon
  3836 | D:5      | 3836 ||| READING scroll of acquirement.
  3836 | D:5      | 3836 ||| ACQUIRING 478 gold pieces
  3836 | D:5      | Acquired 478 gold pieces
  3854 | D:5      | Identified the +3 leather armour of Indecent Exposure
                  | {Str+5 Stlth-}
  3860 | D:5      | 3860 ||| DROPPING +3 leather armour of Indecent Exposure
                  | {Str+5 Stlth-}.
  4329 | D:4      | Reached skill level 13 in Ranged Weapons
  4986 | D:4      | 4986 ||| UPGRADING to +0 helmet.
  4991 | D:4      | 4991 ||| READING scroll labelled XITEEV BIBER.
  4992 | D:4      | 4992 ||| READING scroll labelled TOWIFUBURAOSH.
  4993 | D:4      | 4993 ||| DRINKING 2 clear potions.
  5223 | D:5      | Found Zaymuot's Jewellery Shop.
  5228 | D:5      | 5228 ||| BUYING amulet of regeneration (420 gold).
  5228 | D:5      | Bought an amulet of regeneration for 420 gold pieces
  5228 | D:5      | 5228 ||| BUYING ring of poison resistance (280 gold).
  5228 | D:5      | Bought a ring of poison resistance for 280 gold pieces
  5228 | D:5      | 5228 ||| SHOPLISTING ring of poison resistance (280 gold,
                  | have 43).
  5228 | D:5      | 5228 ||| SHOPLISTING ring of positive energy (280 gold,
                  | have 43).
  5236 | D:5      | Found Quopn's Assorted Antiques.
  5239 | D:5      | 5239 ||| SHOPLISTING encrusted silver wand (124 gold, have
                  | 43).
  5239 | D:5      | 5239 ||| BUYING scroll labelled REAKKO CEZOUCK (31 gold).
  5239 | D:5      | Bought a scroll labelled REAKKO CEZOUCK for 31 gold pieces
  5239 | D:5      | 5239 ||| SHOPLISTING scroll of identify (62 gold, have 12).
  5239 | D:5      | 5239 ||| SHOPLISTING silvery potion (27 gold, have 12).
  5377 | D:5      | Found a staircase to the Ecumenical Temple.
  5378 | D:5      | 5378 ||| PLANNING TEMPLE
  5378 | D:5      | 5378 ||| UPGRADING to amulet of regeneration.
  5383 | D:5      | 5383 ||| UPGRADING to ring of poison resistance.
  5385 | D:5      | 5385 ||| UPGRADING to +4 ring of protection.
  5387 | D:5      | 5387 ||| READING scroll of identify.
  5387 | D:5      | 5387 ||| IDENTIFYING red potion
  5388 | D:5      | 5388 ||| READING scroll labelled HICWIW JOEMM.
  5389 | D:5      | 5389 ||| READING scroll labelled REAKKO CEZOUCK.
  5389 | D:5      | 5389 ||| ENCHANTING +0 helmet.
  5390 | D:5      | 5390 ||| DRINKING 2 bubbling pink potions.
  5419 | D:5      | 5419 ||| DROPPING potion of lignification.
  5428 | Temple   | Entered the Ecumenical Temple
  5429 | Temple   | 5429 ||| PLANNING OKAWARU WORSHIP
  5437 | Temple   | Became a worshipper of Warmaster Okawaru
  5438 | Temple   | 5438 ||| PLANNING D:1-11
  5466 | D:5      | Found Buran's Weapon Shop.
  5600 | D:5      | Found Wibrehij's General Store.
  5631 | D:5      | Identified the ring "Zisont" {+Blink Will+ rCorr MP+9
                  | Dex+2}
  5656 | D:5      | 5656 ||| FLEEEEING.
  5657 | D:5      | 5657 ||| FLEEEEING.
  5659 | D:5      | 5659 ||| FLEEEEING.
  5666 | D:5      | Reached skill level 14 in Ranged Weapons
  5703 | D:5      | Found a radiant altar of Vehumet.
  5728 | D:5      | Found Luegol's Book Boutique.
  5814 | D:5      | 5814 ||| DROPPING ring of magical power.
  5815 | D:5      | 5815 ||| UPGRADING to ring "Zisont" {+Blink Will+ rCorr
                  | MP+9 Dex+2}.
  5873 | D:5      | 5873 ||| UPGRADING to ring of poison resistance.
  6025 | D:7      | Reached XP level 9. HP: 50/50 MP: 11/11
  6026 | D:7      | Reached skill level 6 in Dodging
  6352 | D:7      | Found an ancient bone altar of Kikubaaqudgha.
  6476 | D:7      | Reached * piety under Okawaru
  6484 | D:7      | Found an ornate altar of the Wu Jian Council.
  6485 | D:7      | 6485 ||| RETREEEEATING.
  6487 | D:7      | Reached skill level 1 in Invocations
  6490 | D:7      | Reached skill level 15 in Ranged Weapons
  6900 | D:8      | Found a staircase to the Lair.
  6999 | D:8      | Reached skill level 3 in Invocations
  7021 | D:8      | Noticed a two-headed ogre
  7022 | D:8      | 7022 ||| INVOKING Heroism.
  7029 | D:8      | Killed a two-headed ogre
  7031 | D:8      | 7031 ||| FLEEEEING.
  7032 | D:8      | 7032 ||| FLEEEEING.
  7094 | D:8      | Reached ** piety under Okawaru
  7215 | D:8      | Reached XP level 10. HP: 58/58 MP: 15/15
  7709 | D:8      | 7709 ||| PLANNING LAIR
  7763 | Lair:1   | Entered Level 1 of the Lair of Beasts
  7784 | Lair:1   | Noticed a cane toad
  7785 | Lair:1   | 7785 ||| INVOKING Heroism.
  7789 | Lair:1   | Killed a cane toad
  7933 | Lair:1   | Noticed a cane toad
  7934 | Lair:1   | 7934 ||| INVOKING Heroism.
  7940 | Lair:1   | Killed a cane toad
  7941 | Lair:1   | Reached skill level 16 in Ranged Weapons
  8058 | Lair:1   | Noticed a black mamba
  8059 | Lair:1   | 8059 ||| INVOKING Heroism.
  8063 | Lair:1   | Killed a black mamba
  8064 | Lair:1   | 8064 ||| RETREEEEATING.
  8065 | Lair:1   | 8065 ||| RETREEEEATING.
  8066 | Lair:1   | 8066 ||| RETREEEEATING.
  8067 | Lair:1   | Reached *** piety under Okawaru
  8068 | Lair:1   | Reached skill level 17 in Ranged Weapons
  8068 | Lair:1   | 8068 ||| RETREEEEATING.
  8069 | Lair:1   | 8069 ||| RETREEEEATING.
  8070 | Lair:1   | 8070 ||| RETREEEEATING.
  8071 | Lair:1   | 8071 ||| RETREEEEATING.
  8073 | Lair:1   | 8073 ||| RETREEEEATING.
  8077 | Lair:1   | 8077 ||| RETREEEEATING.
  8078 | Lair:1   | 8078 ||| RETREEEEATING.
  8079 | Lair:1   | 8079 ||| RETREEEEATING.
  8081 | Lair:1   | 8081 ||| RETREEEEATING.
  8082 | Lair:1   | 8082 ||| RETREEEEATING.
  8083 | Lair:1   | 8083 ||| RETREEEEATING.
  8084 | Lair:1   | 8084 ||| RETREEEEATING.
  8085 | Lair:1   | 8085 ||| RETREEEEATING.
  8086 | Lair:1   | 8086 ||| RETREEEEATING.
  8180 | Lair:1   | You fall into a shaft and drop 1 floor!
  8192 | Lair:2   | Noticed a black mamba
  8193 | Lair:2   | 8193 ||| RETREEEEATING.
  8195 | Lair:2   | 8195 ||| INVOKING Heroism.
  8201 | Lair:2   | Killed a black mamba
  8201 | Lair:2   | Reached **** piety under Okawaru
  8202 | Lair:2   | Reached skill level 18 in Ranged Weapons
  8202 | Lair:2   | Reached XP level 11. HP: 62/62 MP: 16/16
  8431 | Lair:2   | 8431 ||| RETREEEEATING.
  8432 | Lair:2   | 8432 ||| RETREEEEATING.
  8438 | Lair:2   | 8438 ||| RETREEEEATING.
  8468 | Lair:2   | Reached skill level 6 in Invocations
  8569 | Lair:2   | 8569 ||| READING 2 scrolls of identify.
  8569 | Lair:2   | 8569 ||| IDENTIFYING silvery potion
  8570 | Lair:2   | 8570 ||| READING scroll of identify.
  8570 | Lair:2   | 8570 ||| IDENTIFYING amethyst potion
  8847 | Lair:1   | 8847 ||| UPGRADING to +0 pair of gloves.
  8945 | Lair:2   | 8945 ||| RETREEEEATING.
  9150 | Lair:2   | 9150 ||| RETREEEEATING.
  9151 | Lair:2   | 9151 ||| RETREEEEATING.
  9152 | Lair:2   | 9152 ||| RETREEEEATING.
  9155 | Lair:2   | Reached ***** piety under Okawaru
  9162 | Lair:2   | Received a gift from Okawaru
  9343 | Lair:2   | Reached skill level 19 in Ranged Weapons
  9482 | Lair:2   | 9482 ||| READING 2 scrolls of identify.
  9482 | Lair:2   | 9482 ||| IDENTIFYING fizzy cyan potion
  9483 | Lair:2   | 9483 ||| DROPPING potion of degeneration.
  9689 | Lair:3   | 9689 ||| RETREEEEATING.
  9690 | Lair:3   | 9690 ||| RETREEEEATING.
  9694 | Lair:3   | 9694 ||| RETREEEEATING.
  9695 | Lair:3   | 9695 ||| RETREEEEATING.
  9696 | Lair:3   | 9696 ||| RETREEEEATING.
  9697 | Lair:3   | 9697 ||| RETREEEEATING.
  9698 | Lair:3   | 9698 ||| RETREEEEATING.
  9699 | Lair:3   | 9699 ||| RETREEEEATING.
  9700 | Lair:3   | 9700 ||| RETREEEEATING.
  9701 | Lair:3   | 9701 ||| INVOKING Finesse.
  9702 | Lair:3   | 9702 ||| RETREEEEATING.
  9702 | Lair:3   | HP: 8/63 [elephant (40)]
  9703 | Lair:3   | 9703 ||| READING scroll of teleportation.
  9703 | Lair:3   | Slain by an elephant

Levels and vault maps discovered:
D:1:      orjb1_clovarrival, layout_basic, amcnicky_mini_rare_corridor_liquid
D:2:      wad_woods_stonehenge, layout_basic, serial_shops,
          nicolae_shop_advertising_works [nicolae_subvault_shop_adworks], shop,
          nicolae_shop_behind_doors, shop, minivault_11
D:3:      layout_loops_ring, nicolae_qazlal_scattered_showers,
          grunt_ministairs_7, nicolae_figureground_sparkle
D:4:      layout_layer_cave, st_stairs_7, minmay_misc_feat_iff,
          uniq_crazy_yiuf_cottage
D:5:      layout_cave_pods, nicolae_vehumet_altar_sigil,
          minmay_temple_entry_mist, serial_shops, shop,
          nicolae_shop_gaudy_bauble, nicolae_shop_bloodbath_and_beyond,
          shop_fountains, nicolae_shop_behind_doors, solitary_fountain
D:6:      layout_rooms, nzn_overflow_gifts_of_might_and_magic,
          gup_sewer_entry_bowl
D:7:      layout_layer_cave, mainiacjoe_overflow_alcove_2,
          kiku_gazebo_garden_becter
D:8:      layout_layer_cave, lair_entry_dummy
Temple:   nicolae_temple_ecumenical_triangle
Lair:1:   layout_chaotic_city
Lair:2:   layout_cave_pods
Lair:3:   layout_chaotic_city, minmay_shoals_entry_hut,
          guppyfry_snake_entry_island, grunt_megastairs_1

Skill      XL: |  1  2  3  4  5  6  7  8  9 10 11 |
---------------+----------------------------------+-----
Ranged Weapons | 6 7 8 9 10 12 14 15 18 19 | 19.0
Fighting       | 2 3 4 5 |  5.0
Dodging        | 3 5 6 8 |  8.6
Armour         | 1 2 |  2.0
Invocations    | 5 8 |  8.3
Stealth        | |  1.2

Action                     |  1- 3 |  4- 6 |  7- 9 | 10-12 || total
---------------------------+-------+-------+-------+-------++-------
   Fire: Shortbow          |    99 |       |       |       ||    99
         Longbow           |    18 |    55 |   239 |   146 ||   458
 Invoke: Heroism           |       |       |     1 |     4 ||     5
         Finesse           |       |       |       |     1 ||     1
    Use: Scroll            |     3 |     9 |     8 |     4 ||    24
         Potion            |       |     1 |     2 |       ||     3
 Armour: Leather armour    |    26 |       |       |       ||    26
         Ring mail         |       |    11 |    13 |       ||    24
         Troll leather arm |       |       |    12 |    18 ||    30
  Dodge: Dodged            |    27 |    22 |    27 |    36 ||   112

Table legend:
 A = Non-vault XP
 B = Vault XP
 C = Vault XP percentage of total XP
 D = Non-vault monster count
 E = Vault monster count
 F = Vault count percentage of total count
                 A         B        C        D         E       F
            +---------+---------+-------+---------+---------+-------
      Total |   17955 |     544 |   2.9 |     220 |      50 |  18.5
            +---------+---------+-------+---------+---------+-------
        D:1 |      43 |       0 |   0.0 |      27 |       0 |   0.0
        D:2 |      44 |      14 |  24.1 |      17 |       6 |  26.1
        D:3 |      40 |       6 |  13.0 |      15 |       2 |  11.8
        D:4 |     270 |       2 |   0.7 |      20 |       1 |   4.8
        D:5 |     750 |       0 |   0.0 |      21 |       0 |   0.0
        D:6 |     975 |     221 |  18.5 |      23 |       5 |  17.9
        D:7 |    1378 |       0 |   0.0 |      21 |       0 |   0.0
        D:8 |    1708 |       0 |   0.0 |      23 |       0 |   0.0
     Lair:1 |    4495 |       0 |   0.0 |      15 |       0 |   0.0
     Lair:2 |    6827 |       0 |   0.0 |      29 |       0 |   0.0
     Lair:3 |    1425 |       0 |   0.0 |       9 |       0 |   0.0
      Sewer |       0 |     301 | 100.0 |       0 |      36 | 100.0
            +---------+---------+-------+---------+---------+-------
